cohdb
Replays
Latest Replays
All Replays
Popular Replays
Top Player Replays
Match Explorer
How It Works
Community
CoH3 Stats
Reddit
Sign in to upload your games and track your stats! →
Sign in with Steam
Name is Make Flak Tank...Didn't Build Flak Tank
Match 20683762
Overview
Messages
Build Orders
End
Kradschützen Motorcycle Team
Panzergrenadier Squad
Panzergrenadier Squad
Construct Light Support Kompanie
Panzerjäger Squad
Selects Italian Infantry
2.5-tonne Medical Truck
Fire Support Elements
le.IG 18 Mechanized Group
Flakvierling Half-track
Vehicle Survival Package
Selects Guastatori Squad
Selects Defensive Operations
Veteran Squad Leaders
Construct Mechanized Kompanie
Construct Mechanized Kompanie
Selects Registered Artillery
Marder III Tank Destroyer
Marder III Tank Destroyer
Tungsten Core Ammunition
Registered Artillery
Construct Panzerarmee Kommand
Registered Artillery
Emergency Repair Kits
Selects Prepared Positions
Guastatori Squad
Armored Reserves
Selects Towed Cannone da 105/28 Field Howitzer
Selects Propaganda War
Kwarzym
Makes Flak tank
0
0
Comments
sign in to comment!
No comments posted yet!